 Dungeon Crawl Stone Soup version 0.32-a0-599-gba8f9cf90e (webtiles) character file.

Game seed: 9748575623688398106

550 BeKind the Covered (level 7, 0/62 HPs)
             Began as a Minotaur Berserker on Mar 2, 2024.
             Was a Priest of Trog.
             Slain by a lemure (6 damage)
             ... led by Pikel
             ... on level 4 of the Dungeon.
             The game lasted 00:03:50 (2934 turns).

BeKind the Covered (Minotaur Berserker)             Turns: 2934, Time: 00:03:50

Health: 0/62       AC: 12    Str: 29    XL:     7   Next: 7%
Magic:  6/6        EV:  8    Int:  4    God:    Trog [***...]
Gold:   156        SH:  0    Dex: 10    Spells: 6/6 levels left

rFire   . . .        a - +0 spear
rCold   . . .        (no shield)
rNeg    . . .        o - +0 plate armour
rPois   .            (helmet restricted)
rElec   .            (no cloak)
rCorr   .            (no gloves)
SInv    .            (no boots)
Will    .....        (no amulet) Stlth
                     q - +6 ring of strength
HPRegen 0.30/turn    (no ring)
MPRegen 0.10/turn

%: no passive effects
@: confused, on berserk cooldown, slowed, very slow
A: horns 2, retaliatory headbutt
a: Renounce Religion, Berserk, Trog's Hand


You were on level 4 of the Dungeon.
You worshipped Trog.
Trog was most pleased with you.
You visited 1 branch of the dungeon, and saw 4 of its levels.
You also visited: Sewer.

You collected 156 gold pieces.

Inventory:

Hand Weapons
 a - a +0 spear (weapon)
Missiles
 k - 13 boomerangs (quivered)
Armour
 b - a +0 animal skin
 o - a +0 plate armour (worn)
Jewellery
 d - a ring of willpower
 q - a +6 ring of strength (left hand)
Wands
 t - a wand of flame (14)
Scrolls
 c - 2 scrolls of fear {unknown}
 i - a scroll of brand weapon {unknown}
 l - 4 scrolls of blinking
 m - a scroll of poison {unknown}
 n - 2 scrolls of amnesia {unknown}
 p - 2 scrolls of immolation {unknown}
Potions
 e - a potion of degeneration {unknown}
 f - 2 potions of brilliance {unknown}
 g - 2 potions of heal wounds {unknown}
 h - a potion of mutation {unknown}
 j - 3 potions of enlightenment {unknown}
 r - a potion of curing {unknown}
 s - a potion of ambrosia {unknown}


   Skills:
 + Level 5.7 Fighting
 + Level 5.7 Polearms
 * Level 6.4 Armour
 - Level 3.0 Dodging


You had 6 spell levels left.
You didn't know any spells.
Your spell library was empty.

Dungeon Overview and Level Annotations

Branches:
Dungeon (4/15)              Sewer (visited)
 Temple: D:4-7

Altars:

Shops:
D:2 *

Annotations:
D:4 Pikel


Innate Abilities, Weirdness & Mutations

You have a pair of horns on your head.
You reflexively headbutt those who attack you in melee.


Message History

The kobold throws a stone.
The stone barely misses you.
The stone misses the lemure.
The lemure hits you but does no damage.
Pikel hits you with a +2 whip of flaming.
Pikel burns you. The lemure hits you but does no damage.
You barely miss Pikel.
Pikel is heavily wounded.
You hit Pikel but do no damage.
Pikel is heavily wounded.
The lemure hits you but does no damage. The lemure barely misses you.
The lemure hits you. Pikel hits you but does no damage.
You closely miss Pikel.
Pikel is heavily wounded.
You puncture Pikel!
Pikel is severely wounded.
The lemure hits you.
Pikel zaps a wand.
Your will is overpowered!
You are confused.
The lemure hits you but does no damage. The lemure barely misses you.
You're too confused to move!
You hit Pikel.
Pikel is almost dead.
The lemure closely misses you. Pikel barely misses you.
The lemure barely misses you. The lemure hits you.
Pikel zaps a wand.
You resist with some effort. The kobold barely misses you.
You feel a strong urge to attack something.
You're too confused to aim your attacks!
You're too confused to aim your attacks!
You are no longer berserk.
You are exhausted.
You feel yourself slow down. The lemure hits you.
* * * LOW HITPOINT WARNING * * *
The kobold barely misses you.
Pikel hits you with a +2 whip of flaming!
* * * LOW HITPOINT WARNING * * *
Pikel burns you.
* * * LOW HITPOINT WARNING * * *
The lemure barely misses you.
You miss the lemure.
The lemure is severely wounded.
The lemure hits you.
You die...

#..##)................##
.....)..................
......................#
###.###......###.....##
.##.###...##.#........#
.....##..##......#...##.
.#.####..#...........>..
##..###........K.......#
#....#........5@.....##
##............5K5......
###.^...................
#...........#....#......
###..#...........#...##.
######........##...#
##....#.#......#
#..>..#.##.##..#
##.[..### .#


You could see Pikel, 3 lemures and a kobold.

Vanquished Creatures
  Duvessa (D:4)
  A lemure (D:4)
  2 bullfrogs (Sewer)
  Dowan (D:4)
  An orc priest (D:4)
  2 orc wizards
  5 adders
  A river rat (D:3)
  6 dart slugs
  A ribbon worm (D:2)
  14 orcs
  4 endoplasms
  7 giant cockroaches
  6 goblins
  10 hobgoblins
  4 jackals (D:2)
  3 quokkas
  6 ball pythons
  7 bats
  20 frilled lizards
  7 kobolds
  5 rats
114 creatures vanquished.

Notes
Turn   | Place    | Note
-------+----------+-------------------------------------------
     0 | D:1      | BeKind the Minotaur Berserker began the quest for the Orb.
     0 | D:1      | Reached XP level 1. HP: 19/19 MP: 0/0
   163 | D:1      | Reached XP level 2. HP: 14/27 MP: 1/1
   548 | D:1      | Reached skill level 3 in Armour
   678 | D:1      | Reached XP level 3. HP: 33/33 MP: 2/2
   720 | D:2      | Found Yreynyom's Assorted Antiques.
   784 | D:2      | Reached ** piety under Trog
  1518 | D:3      | Reached XP level 4. HP: 35/41 MP: 3/3
  1849 | D:3      | Reached skill level 4 in Armour
  2004 | D:3      | Reached XP level 5. HP: 34/47 MP: 4/4
  2088 | D:3      | Found a glowing drain.
  2097 | Sewer    | Entered a sewer
  2146 | Sewer    | Reached *** piety under Trog
  2373 | Sewer    | Reached skill level 5 in Fighting
  2373 | Sewer    | Reached skill level 5 in Polearms
  2373 | Sewer    | Reached skill level 5 in Armour
  2378 | Sewer    | Reached XP level 6. HP: 41/56 MP: 5/5
  2682 | D:4      | Noticed Duvessa
  2691 | D:4      | Noticed Dowan
  2695 | D:4      | Killed Duvessa
  2696 | D:4      | Reached skill level 6 in Armour
  2700 | D:4      | Killed Dowan
  2701 | D:4      | Reached XP level 7. HP: 55/62 MP: 6/6
  2913 | D:4      | Noticed Pikel
  2934 | D:4      | Slain by a lemure

Illustrated notes

Levels and vault maps discovered:
D:1:      minmay_arrival_jagged, layout_loops_ring
D:2:      layout_basic, serial_shops, nicolae_shop_tiny_statue_garden,
          chequers_avenue
D:3:      layout_rooms, portal_sewer_entry_b
D:4:      layout_cave_pools, minmay_circle_x, uniq_duvessa, uniq_pikel

Skill      XL: |  1  2  3  4  5  6 |
---------------+-------------------+-----
Fighting       | 4 5 |  5.7
Polearms       | 4 5 |  5.7
Armour         | 3 4 5 6 |  6.4
Dodging        | 3 |  3.0

Action                     |  1- 3 |  4- 6 |  7- 9 || total
---------------------------+-------+-------+-------++-------
  Melee: Spear             |   140 |   201 |    18 ||   359
         Headbutt          |    12 |    28 |     2 ||    42
 Invoke: Berserk           |       |     3 |     1 ||     4
   Stab: Sleeping          |     4 |       |       ||     4
 Armour: Animal skin       |    35 |     2 |       ||    37
         Plate armour      |       |   177 |    29 ||   206
  Dodge: Dodged            |    43 |    66 |    16 ||   125

Table legend: (Time is in decaauts)
 A = Elapsed time spent in this place.
 B = Non-inter-level travel time spent in this place.
 C = Inter-level travel time spent in this place.
 D = Time resting spent in this place.
 E = Time spent auto-exploring this place.
 F = Levels seen in this place.
 G = Mean time per level.
                   A        B        C        D        E       F      G
               +--------+--------+--------+--------+--------+-----+--------+
         Total |   2999 |   2872 |    127 |    169 |   1916 |   5 |  599.8 |
       Dungeon |   2434 |   2307 |    127 |    169 |   1681 |   4 |  608.5 |
         Sewer |    565 |    565 |      0 |      0 |    235 |   1 |  565.0 |
               +--------+--------+--------+--------+--------+-----+--------+

Top non-repeatable levels by time:
     D:2: 777 daAuts
     D:1: 712 daAuts
     D:3: 623 daAuts
   Sewer: 565 daAuts
     D:4: 321 daAuts
